 Dungeon Crawl Stone Soup version 0.28.0-43-g3370ac3207 (webtiles) character file.

Game seed: 16727641638276551214

92 H0rd4k the Magician (level 4, 0/24 HPs)
             Began as a Deep Elf Hedge Wizard on Mar 23, 2022.
             Killed by divine providence
             ... invoked by an orc priest
              (15 damage)
             ... on level 2 of the Dungeon.
             The game lasted 00:02:32 (2136 turns).

H0rd4k the Magician (Deep Elf Hedge Wizard)         Turns: 2136, Time: 00:02:32

Health: 0/24       AC:  2    Str:  7    XL:     4   Next: 35%
Magic:  7/14       EV: 12    Int: 21    God:
Gold:   34         SH:  0    Dex: 14    Spells: 3/15 levels left

rFire   . . .      SeeInvis .   a - +0 dagger
rCold   . . .      Faith    .   (no shield)
rNeg    . . .      Spirit   .   b - +0 robe
rPois   .          Reflect  .   c - +0 hat
rElec   .          Harm     .   (no cloak)
rCorr   .          Rampage  .   (no gloves)
Will    .....                   (no boots)
Stlth   ++........              (no amulet)
HPRegen 0.08/turn               (no ring)
MPRegen 0.14/turn               (no ring)

@: no status effects
A: no striking features
a: no special abilities


You were on level 2 of the Dungeon.
You visited 1 branch of the dungeon, and saw 2 of its levels.

You collected 34 gold pieces.

Inventory:

Hand Weapons
 a - a +0 dagger (weapon)
Armour
 b - a +0 robe (worn)
 c - a +0 hat (worn)
Jewellery
 f - a ring of fire
Potions
 d - 3 potions of magic {unknown}
 e - 2 potions of curing {unknown}


   Skills:
 + Level 2.4 Dodging
 - Level 2.4 Stealth
 + Level 6.1 Spellcasting
 + Level 1.8 Conjurations
 + Level 1.1 Summonings
 + Level 1.1 Translocations
 * Level 1.3 Fire Magic
 * Level 0.9 Air Magic
 * Level 1.0 Poison Magic


You had 3 spell levels left.
You knew the following spells:

 Your Spells              Type           Power      Damage    Failure   Level
a - Magic Dart            Conj           56%        1d5       4%          1
b - Blink                 Tloc           22%        N/A       10%         2
c - Conjure Flame         Conj/Fire      13%        6-21      16%         3
d - Mephitic Cloud        Conj/Pois/Air  11%        N/A       17%         3
e - Swiftness             Air            10%        N/A       19%         3

Your spell library contained the following spells:

 Spells                   Type           Power      Damage    Failure   Level
 Slow                     Hex            24%        N/A       10%         1
 Call Imp                 Summ           11%        N/A       10%         2
 Ensorcelled Hibernation  Hex/Ice        12%        N/A       14%         2
 Passwall                 Tmut/Erth      5%         N/A       14%         2


Dungeon Overview and Level Annotations

Branches:
Dungeon (2/15)

Altars:


Message History

The orc barely misses you.
The magic dart hits the orc.
You kill the orc!
The orc misses you.
You feel stable enough to blink again. The orc closely misses you.
The orc barely misses you.
A kobold comes into view. It is wielding a +0 short sword.
The magic dart hits the orc but does no damage.
The orc is moderately wounded.
The orc hits you with a +0 falchion.
The magic dart hits the orc.
You kill the orc!
The magic dart hits the orc.
The orc is lightly wounded.
The orc closely misses you.
You miscast Magic Dart.
You are very lightly contaminated with residual magic.
Nothing appears to happen.
The orc closely misses you.
The magic dart hits the orc.
The orc is severely wounded.
The orc hits you with a +0 flail!
You are too injured to fight recklessly!
You are too injured to fight recklessly!
Casting: Magic Dart (safe; 4% risk of failure)
Confirm with . or Enter, or press ? or * to list all spells.
Aiming: Magic Dart (safe; 4% risk of failure)
Press: ? - help, Shift-Dir - straight line, f/p - orc
Aim: an orc, wielding a +0 flail (severely wounded, 100% to hit)
The magic dart hits the orc.
You kill the orc!
Your magical contamination has completely faded away.
An orc priest comes into view. It is wielding a +0 whip.
An orc priest is nearby!
An orc priest is nearby!
The orc priest shouts!
You hear a shout! x2
The orc priest calls down the wrath of Beogh upon you.
Beogh smites you!
Ouch! That really hurt!
You die...

#<........#####.## .....#.
####.####.### #.###.# ..#..#.
#......... o.....# ..#..#.
####.####.### #.##..# .. #..#.
.....# #.# #.##..#.......#..#.
.....# #.#####.##..#.......#..#.
.....# #.....#.##..#.......#..#.
.....####.....#.##..#.......#..#.
......†.........@)..##.....##..##
....#####.......#...###.⌠.###..##
....# #.......#....#######.....
....#####.####..#................
..................÷..............
....#.............############...
#####.............# ####
#.............# #.............#


You could see an orc priest.

Vanquished Creatures
  3 adders (D:2)
  3 orcs (D:2)
  3 endoplasms
  3 giant cockroaches
  6 goblins
  6 hobgoblins
  12 kobolds
  4 quokkas
  7 ball pythons
  6 bats
  3 frilled lizards
  2 rats (D:1)
58 creatures vanquished.

Notes
Turn   | Place    | Note
-------+----------+-------------------------------------------
     0 | D:1      | H0rd4k the Deep Elf Hedge Wizard began the quest for the
                  | Orb.
     0 | D:1      | Reached XP level 1. HP: 10/10 MP: 7/7
   233 | D:1      | Reached skill level 5 in Spellcasting
   256 | D:1      | Reached XP level 2. HP: 5/15 MP: 0/10
   971 | D:1      | Reached XP level 3. HP: 19/19 MP: 3/12
   974 | D:1      | Learned a level 2 spell: Blink
   978 | D:1      | Learned a level 3 spell: Conjure Flame
   982 | D:1      | Learned a level 3 spell: Mephitic Cloud
   986 | D:1      | Learned a level 3 spell: Swiftness
  1456 | D:2      | Reached skill level 6 in Spellcasting
  1604 | D:2      | Reached skill level 1 in Fire Magic
  1688 | D:2      | Found a faded altar of an unknown god.
  1738 | D:2      | Reached XP level 4. HP: 24/24 MP: 10/14
  1833 | D:2      | Reached skill level 1 in Poison Magic
  2136 | D:2      | Killed from afar by an orc priest

Illustrated notes

Levels and vault maps discovered:
D:1:      scummos_arrival_simple_fountains, layout_loops_cross
D:2:      cheibrodos_pilgrimage, layout_basic,
          chequers_ecumenical_altar_simple_redux, st_stairs_4,
          minmay_stone_trees_small, uniq_robin, uniq_crazy_yiuf_cottage

Skill      XL: |  1  2  3  4 |
---------------+-------------+-----
Spellcasting   | 5 6 |  6.1
Fire Magic     | 1 |  1.3
Poison Magic   | 1 |  1.0
Dodging        | |  2.4
Stealth        | |  2.4
Conjurations   | |  1.8
Summonings     | |  1.1
Translocations | |  1.1
Air Magic      | |  0.9

Action                   |  1- 3 |  4- 6 || total
-------------------------+-------+-------++-------
 Cast: Magic Dart        |   113 |    43 ||   156
       Blink             |       |     1 ||     1
Dodge: Dodged            |     9 |    14 ||    23
